AoeStats
← ilia topuria

Lombardia

509608235Analyzed
3v3 RM · 6d ago on Sep 27, 2026· 55m 12s· 6 players
Game mode
Random Map
Map size
Normal (6 player)
Population
200
Speed
Normal
Resources
Standard
Victory
Conquest
Starting age
Dark Age
Ending age
Imperial Age
RankedLock teamsTeams togetherTeam positionsShared explorationLock speedFull tech treeHidden civsTurbo modeCheats
Victory
Defeat
🇫🇷 Persians · France
1273
+10
🇬🇷 Maya · Greece
1231
+11
🇲🇽 Mongols · Mexico
1221
+12
🇹🇷 Burgundians · Türkiye
1209
-14
🇹🇷 Huns · Türkiye
1098
-10
🇹🇷 Franks · Türkiye
1082
-9
dLevantine
0:48 Loom
9:24 Feudal Age
10:18 Double-Bit Axe
10:41 Gold Mining
11:57 Horse Collar
18:25 Castle Age
17:28 Stone Mining
19:10 Wheelbarrow
19:16 Bow Saw
22:06 Heavy Plow
23:52 Gold Shaft Mining
24:34 Padded Archer Armor
25:23 Fletching
28:28 Bodkin Arrow
30:25 Leather Archer Armor
34:49 Thumb Ring
35:30 Hand Cart
39:32 Imperial Age
38:40 Stone Shaft Mining
38:42 Husbandry
39:00 Town Watch
40:46 Conscription
40:16 Elite Mangudai
41:13 Caravan
41:56 Hoardings
41:55 Bloodlines
42:17 Ballistics
43:00 Bracer
44:24 Nomads
46:03 Chemistry
45:05 Murder Holes
45:41 Drill
46:29 Fortified Wall
46:29 Masonry
47:34 Scale Barding Armor
47:40 Forging
46:52 Light Cavalry
47:39 Siege Engineers
frexnir
9:50 Feudal Age
8:47 Loom
10:53 Double-Bit Axe
14:07 Castle Age
12:50 Double-Bit Axe
13:43 Horse Collar
22:23 Bloodlines
23:07 Husbandry
25:10 Wheelbarrow
24:29 Stone Mining
27:29 Hand Cart
28:13 Kamandaran
28:31 Bow Saw
29:50 Heavy Plow
29:45 Gold Mining
30:00 Crossbowman
31:02 Fletching
33:18 Town Watch
36:55 Imperial Age
35:43 Bodkin Arrow
35:49 Padded Archer Armor
36:00 Thumb Ring
36:59 Scale Barding Armor
37:53 Leather Archer Armor
38:00 Conscription
38:29 Cavalier
39:55 Ring Archer Armor
39:54 Ballistics
40:26 Gold Shaft Mining
39:48 Savar
41:04 Chain Barding Armor
40:54 Forging
41:15 Caravan
42:53 Plate Barding Armor
41:50 Heavy Camel Rider
43:40 Stone Shaft Mining
44:24 Iron Casting
46:12 Blast Furnace
46:35 Two-Man Saw
47:51 Coinage
52:50 Chemistry
mojotzotzo
0:27 Loom
11:21 Feudal Age
16:48 Castle Age
16:17 Double-Bit Axe
16:27 Horse Collar
23:45 Fletching
23:55 Padded Archer Armor
24:46 Ballistics
25:04 Bodkin Arrow
31:29 Bow Saw
31:10 Gold Mining
31:15 Stone Mining
36:56 Imperial Age
34:52 Thumb Ring
36:43 Wheelbarrow
35:55 Town Watch
36:35 Leather Archer Armor
36:35 Masonry
37:50 Bracer
38:52 Chemistry
39:11 Conscription
40:02 Ring Archer Armor
40:04 Architecture
40:06 Elite Plumed Archer
43:26 Hoardings
44:00 Treadmill Crane
47:27 Caravan
55:00 Fortified Wall
EtZeL
8:41 Loom
11:33 Feudal Age
18:13 Castle Age
17:00 Fletching
16:58 Double-Bit Axe
17:28 Town Watch
19:00 Bodkin Arrow
22:50 Thumb Ring
25:30 Padded Archer Armor
30:31 Leather Archer Armor
31:46 Bow Saw
32:00 Horse Collar
34:54 Wheelbarrow
37:44 Imperial Age
35:58 Scale Barding Armor
36:05 Forging
38:02 Chain Barding Armor
37:53 Husbandry
38:03 Bloodlines
37:14 Light Cavalry
38:32 Iron Casting
38:09 Cavalier
40:03 Heavy Plow
40:57 Plate Barding Armor
41:43 Blast Furnace
43:26 Hand Cart
44:04 Conscription
45:00 Bracer
46:10 Caravan
45:51 Hussar
47:43 Two-Man Saw
47:16 Scale Mail Armor
49:00 Pikeman
49:41 Squires
50:09 Town Patrol
50:00 Arson
ilia topuria
4:51 Loom
10:27 Feudal Age
11:40 Wheelbarrow
10:54 Double-Bit Axe
13:40 Horse Collar
17:58 Town Watch
21:34 Castle Age
20:09 Scale Barding Armor
21:22 Forging
21:29 Gold Mining
21:35 Cavalier
23:10 Husbandry
24:38 Fortified Wall
31:28 Chain Barding Armor
41:33 Imperial Age
40:24 Iron Casting
40:49 Hand Cart
41:39 Paladin
42:44 Town Patrol
43:25 Plate Barding Armor
45:25 Blast Furnace
46:04 Light Cavalry
reconquista.ad
11:02 Feudal Age
15:44 Castle Age
17:48 Forging
18:12 Scale Barding Armor
21:54 Husbandry
29:54 Chain Barding Armor
36:45 Wheelbarrow
40:44 Loom
44:16 Imperial Age
42:42 Iron Casting
44:24 Cavalier
45:42 Plate Barding Armor
49:01 Paladin
49:49 Elite Skirmisher
50:32 Padded Archer Armor
50:04 Light Cavalry
51:09 Fletching
51:54 Bodkin Arrow
53:29 Leather Archer Armor
Connection lost

Rejoining the realm…

Still unreachable

The connection could not be restored.

Session expired

The server has moved on; the page needs a fresh start.